 Dungeon Crawl Stone Soup version 0.29-a0-337-g68df138881 (webtiles) character file.

Game seed: 3231240749810580601

239 Lekart the Skirmisher (level 5, -1/48 HPs)
             Began as a Draconian Chaos Knight on Apr 17, 2022.
             Was a Plaything of Xom.
             Slain by a river rat (7 damage)
             ... in a sewer.
             The game lasted 00:02:31 (2683 turns).

Lekart the Skirmisher (Draconian Chaos Knight)      Turns: 2683, Time: 00:02:32

Health: -1/48      AC:  5    Str: 14    XL:     5   Next: 79%
Magic:  5/5        EV: 12    Int: 13    God:    Xom [.*....]
Gold:   140        SH:  0    Dex: 12    Spells: 4/4 levels left

rFire   . . .      SeeInvis .   e - +2 hand axe (elec)
rCold   . . .      Faith    .   (no shield)
rNeg    . . .      Spirit   .   (body armour unavailable)
rPois   .          Reflect  .   (helmet restricted)
rElec   .          Harm     .   (no cloak)
rCorr   .          Rampage  .   (no gloves)
Will    .....                   (no boots)
Stlth   +.........              l - amulet of the acrobat
HPRegen 0.16/turn               (no ring)
MPRegen 0.09/turn               (no ring)

@: no status effects
A: AC +5, unfitting armour, cold-blooded
a: Renounce Religion


You were in a sewer.
You worshipped Xom.
You were a plaything of Xom.
You visited 1 branch of the dungeon, and saw 4 of its levels.
You also visited: Sewer.

You collected 140 gold pieces.

Inventory:

Hand Weapons
 a - a +0 falchion of chaos
 e - a +2 hand axe of electrocution (weapon)
Jewellery
 d - an amulet of guardian spirit
 l - an amulet of the acrobat (around neck)
Scrolls
 c - a scroll of enchant armour
Potions
 f - a potion of magic {unknown}
 g - a potion of lignification {unknown}
 h - a potion of heal wounds {unknown}
 i - 2 potions of curing {unknown}
 j - 4 potions of flight
 k - 3 potions of attraction {unknown}
 m - 2 potions of mutation
Miscellaneous
 b - a piece from Xom's chessboard (15/15) (quivered)


   Skills:
 * Level 5.2 Fighting
 + Level 3.9 Long Blades
 + Level 2.5 Axes
 + Level 3.0 Dodging


You had 4 spell levels left.
You didn't know any spells.
Your spell library was empty.

Dungeon Overview and Level Annotations

Branches:
Dungeon (4/15)              Sewer (1/1)
 Temple: D:4-7

Altars:
Nemelex Xobeh

Annotations:
D:2 Sigmund
D:4 Ijyb, Pikel


Innate Abilities, Weirdness & Mutations

Your plain brown scales are hard. (AC +5)
You cannot fit into any form of body armour.
You are cold-blooded and may be slowed by cold attacks.


Message History

There are monsters nearby!
You are too injured to fight recklessly!
There are monsters nearby!
You are too injured to fight recklessly!
There are monsters nearby!
You are too injured to fight recklessly!
There are monsters nearby!
You are too injured to fight recklessly!
You hit the river rat.
The river rat is almost dead.
You closely miss the river rat. The river rat barely misses you. x2
You hit the river rat.
You kill the river rat!
You closely miss the river rat. The river rat bites you.
* * * LOW HITPOINT WARNING * * *
The river rat completely misses you.
There is a large open door here.
You hit the river rat.
Your tail-slap misses the river rat.
The river rat is heavily wounded.
The river rat closely misses you.
You hit the river rat.
You punch the river rat, but do no damage.
The river rat is severely wounded.
The river rat misses you.
You hit the river rat but do no damage.
The river rat is severely wounded.
The river rat closely misses you.
The river rat bites you but does no damage.
You completely miss the river rat.
The river rat is severely wounded.
The river rat bites you.
* * * LOW HITPOINT WARNING * * *
You barely miss the river rat.
Your tail-slap misses the river rat.
The river rat is severely wounded.
The river rat bites you.
* * * LOW HITPOINT WARNING * * *
You hit the river rat.
The river rat is almost dead.
The river rat bites you!
You die...

≈≈≈≈≈..≈≈≈≈≈≈≈≈≈≈.≈.≈≈≈≈≈.≈≈.≈≈.≈
#≈≈≈#######################≈≈≈###
#≈≈≈# ###### #≈≈≈# #.≈≈# #....#
#≈≈≈# #≈≈≈#####††#####++#####
#.≈≈# #.†≈≈≈≈.†............∩#
#≈≈.# #††≈≈≈≈..............∩#
#≈≈≈#####''#####r†##### #.≈≈#
#.![!# #.@..# #≈≈≈# ###### ######
#≈≈≈# #≈≈≈≈ #.≈.≈≈


You could see a river rat.

Vanquished Creatures
  An orc priest (D:4)
  A jelly (D:3)
  Natasha (D:2)
  6 adders
  3 river rats (Sewer)
  A white imp (D:4)
  A worm (D:3)
  A dart slug (D:3)
  4 orcs
  6 endoplasms
  A giant cockroach (D:3)
  7 hobgoblins
  5 jackals
  5 quokkas
  6 ball pythons
  3 bats
  A frilled lizard (D:3)
  A kobold (D:1)
  2 rats (D:1)
56 creatures vanquished.

Vanquished Creatures (others)
  Natasha (D:2)
1 creature vanquished.

Grand Total: 57 creatures vanquished

Notes
Turn   | Place    | Note
-------+----------+-------------------------------------------
     0 | D:1      | Lekart the Draconian Chaos Knight began the quest for the
                  | Orb.
     0 | D:1      | Reached XP level 1. HP: 19/19 MP: 1/1
   368 | D:1      | XOM: potion effect (haste)
   369 | D:1      | XOM: potion effect (berserk rage)
   372 | D:1      | Reached XP level 2. HP: 26/26 MP: 2/2
   730 | D:2      | Noticed Natasha
   737 | D:2      | Killed Natasha
   738 | D:2      | Reached skill level 4 in Fighting
   738 | D:2      | Reached XP level 3. HP: 27/33 MP: 3/3
   797 | D:2      | Noticed Natasha
   802 | D:2      | Killed Natasha
   802 | D:2      | XOM: divine lightning
   817 | D:2      | Noticed Sigmund
   998 | D:3      | Reached skill level 1 in Axes
   998 | D:3      | Reached XP level 4. HP: 38/41 MP: 4/4
  1035 | D:3      | Found a faded altar of an unknown god.
  1260 | D:3      | Found a sparkling altar of Nemelex Xobeh.
  1945 | D:4      | Reached XP level 5. HP: 26/47 MP: 5/5
  2116 | D:4      | Reached skill level 5 in Fighting
  2155 | D:4      | Noticed a lemure
  2155 | D:4      | Noticed Ijyb
  2156 | D:4      | Found a glowing drain.
  2156 | D:4      | Noticed Pikel
  2156 | D:4      | Noticed a lemure
  2156 | D:4      | Noticed a lemure
  2157 | D:4      | Noticed a lemure
  2160 | D:4      | XOM: polymorph giant cockroach -> frilled lizard
  2165 | Sewer    | Entered a sewer
  2683 | Sewer    | Slain by a river rat

Illustrated notes

Levels and vault maps discovered:
D:1:      wander_arrival_chamber, layout_basic, serial_curves, eino_curves_04,
          eino_curves_01
D:2:      layout_basic, minmay_misc_feat_enclosed, uniq_sigmund, uniq_natasha
D:3:      layout_basic, lemuel_doored_altar, basic_ecumenical_altar
D:4:      layout_loops_ring, cheibrodos_sewer_entry_drain, uniq_duvessa,
          uniq_pikel, uniq_ijyb
Sewer:    sewer_fruit_machine

Skill      XL: |  1  2  3  4  5 |
---------------+----------------+-----
Fighting       | 4 5 |  5.2
Axes           | 1 2 |  2.5
Dodging        | 3 |  3.0
Long Blades    | |  3.9

Action                   |  1- 3 |  4- 6 || total
-------------------------+-------+-------++-------
Melee: Hand axe          |    35 |    99 ||   134
       Falchion          |     5 |       ||     5
       Tailslap          |     7 |     5 ||    12
       Punch             |       |     1 ||     1
  Use: Scroll            |     2 |     4 ||     6
 Stab: Sleeping          |     1 |     1 ||     2
Armor: Skin              |     7 |    34 ||    41
Dodge: Dodged            |    21 |   112 ||   133

Table legend: (Time is in decaauts)
 A = Elapsed time spent in this place.
 B = Non-inter-level travel time spent in this place.
 C = Inter-level travel time spent in this place.
 D = Time resting spent in this place.
 E = Time spent auto-exploring this place.
 F = Levels seen in this place.
 G = Mean time per level.
                   A        B        C        D        E       F      G
               +--------+--------+--------+--------+--------+-----+--------+
         Total |   2752 |   2697 |     55 |    173 |   2119 |   5 |  550.4 |
       Dungeon |   2180 |   2125 |     55 |      0 |   1851 |   4 |  545.0 |
         Sewer |    572 |    572 |      0 |    173 |    268 |   1 |  572.0 |
               +--------+--------+--------+--------+--------+-----+--------+

Top non-repeatable levels by time:
     D:3: 1110 daAuts
     D:1: 728 daAuts
   Sewer: 572 daAuts
     D:4: 246 daAuts
     D:2: 95 daAuts
